 Dungeon Crawl Stone Soup version 0.18-a0-987-g0b0e4e7 (webtiles) character file.

586 Alethiolet the Cudgeler (level 7, -15/56 HPs)
             Began as a Demonspawn Wanderer on Jan 3, 2016.
             Killed from afar by PinkishYellow's ghost (26 damage)
             ... with a stone arrow
             ... on level 4 of the Dungeon.
             The game lasted 00:12:37 (2798 turns).

Alethiolet the Cudgeler (Demonspawn Wanderer)       Turns: 2798, Time: 00:12:37

Health: -15/56     AC:  6    Str: 13    XL:     7   Next: 15%
Magic:  7/7        EV: 14    Int: 12    God:
Gold:   158        SH:  0    Dex: 15    Spells: 0 memorised, 6 levels left

rFire  + . .     SeeInvis .     a - +3 mace
rCold  . . .     Gourm    .     k - +0 ring mail
rNeg   . . .     Faith    .     (no shield)
rPois  .         Spirit   .     (no helmet)
rElec  .         Dismiss  .     (no cloak)
rCorr  .         Reflect  .     (no gloves)
SustAt .         Harm     .     (no boots)
MR     .....                    (no amulet)
Stlth  +.........               w - ring of flight
                                e - +4 ring of evasion

@: not resistant to hostile enchantments, very unstealthy
A: talons 1, fire resistance 1, spiny 1, flame cloud immunity
a: Evoke Flight


You were on level 4 of the Dungeon.
You were not hungry.

You visited 1 branch of the dungeon, and saw 4 of its levels.

You collected 158 gold pieces.

Inventory:

Hand Weapons
 a - a +3 mace (weapon)
 u - a +2 antimagic falchion
Armour
 c - a +0 robe
 k - a +0 ring mail (worn)
 t - a swamp dragon hide
 x - a cursed -1 shield
Jewellery
 e - a +4 ring of evasion (left hand)
 w - a ring of flight (right hand)
Wands
 q - a wand of flame (20/48)
Scrolls
 f - a scroll of teleportation
 g - a scroll of fear {unknown}
 h - 2 scrolls of magic mapping
 m - a scroll of remove curse
 n - 2 scrolls of recharging
 r - a scroll of fog
 v - a scroll of random uselessness {unknown}
Potions
 b - 2 potions of curing
 p - a potion of haste
 s - a potion of heal wounds {unknown}
 z - a potion of cancellation {unknown}
Comestibles
 d - 2 bread rations
 i - a slice of pizza
 j - 3 meat rations
 l - a fruit
 o - a beef jerky


   Skills:
 - Level 5.0 Fighting
 * Level 5.6 Maces & Flails
 + Level 4.4 Armour
 - Level 1.0 Shields
 - Level 1.0 Evocations


You had 6 spell levels left.
You didn't know any spells.

Dungeon Overview and Level Annotations

Branches:
Dungeon (4/15)
 Temple: D:4-7

Altars:

Annotations:
D:4 PinkishYellow's ghost, novice GrEE


Innate Abilities, Weirdness & Mutations

You have sharp toenails.
Your flesh is heat resistant.
You are partially covered in sharp spines.
You are immune to clouds of flame.


Message History

PinkishYellow's ghost gestures at you while chanting.
The rocky blast misses you.
PinkishYellow's ghost is struck by your spines.
PinkishYellow's ghost hits you but does no damage.
You hit PinkishYellow's ghost but do no damage.
Your kick misses PinkishYellow's ghost.
PinkishYellow's ghost is almost destroyed.
PinkishYellow's ghost closely misses you.
You hit PinkishYellow's ghost.
You claw PinkishYellow's ghost, but do no damage.
PinkishYellow's ghost is almost destroyed.
PinkishYellow's ghost misses you.
You barely miss PinkishYellow's ghost.
PinkishYellow's ghost is almost destroyed.
PinkishYellow's ghost hits you but does no damage.
You barely miss PinkishYellow's ghost.
PinkishYellow's ghost is almost destroyed.
PinkishYellow's ghost casts a spell at you.
The stone arrow hits you!
You die...

###################
................@.#
#################W#
#.# #.# #.# #### #.#
...### #.. . #.#
.....# #.# ......##
...#.####.##.#.#....


You could see PinkishYellow's ghost.

Vanquished Creatures
  Grinder (D:3)
  The ghost of Alethiolet the Skirmisher, an amateur DsWn (D:3)
  2 worker ants (D:4)
  A hound zombie (D:4)
  A hound skeleton (D:4)
  5 adders
  7 gnolls
  2 oozes
  2 worms (D:2)
  A giant gecko (D:2)
  An orc (D:3)
  5 bats
  3 giant cockroaches
  11 goblins
  6 hobgoblins
  10 jackals
  A quokka (D:2)
  2 giant newts
  12 kobolds
  5 rats
  2 butterflies (D:3)
  A plant (D:2)
82 creatures vanquished.

Notes
Turn   | Place    | Note
--------------------------------------------------------------
     0 | D:1      | Alethiolet the Demonspawn Wanderer began the quest for the Orb.
     0 | D:1      | Alethiolet set off with: a +2 mace, 2 potions of curing, a +0 robe, a bread ration
     0 | D:1      | Reached XP level 1. HP: 21/21 MP: 1/1
   227 | D:1      | Gained mutation: You have sharp toenails. [demonic ancestry]
   227 | D:1      | Reached XP level 2. HP: 12/27 MP: 2/2
   598 | D:1      | Gained mutation: You are partially covered in sharp spines. [demonic ancestry]
   598 | D:1      | Reached XP level 3. HP: 28/33 MP: 3/3
  1208 | D:2      | Gained mutation: Your flesh is heat resistant. [demonic ancestry]
  1208 | D:2      | Reached XP level 4. HP: 20/39 MP: 4/4
  1834 | D:3      | Reached XP level 5. HP: 39/44 MP: 5/5
  1885 | D:3      | Noticed Alethiolet's ghost (amateur DsWn)
  1898 | D:3      | Killed Alethiolet's ghost
  1898 | D:3      | Reached XP level 6. HP: 37/51 MP: 6/6
  2095 | D:3      | Noticed Grinder
  2105 | D:3      | Killed Grinder
  2105 | D:3      | Reached skill level 5 in Maces & Flails
  2505 | D:4      | Gained mutation: You are immune to clouds of flame. [demonic ancestry]
  2505 | D:4      | Reached XP level 7. HP: 56/56 MP: 3/7
  2773 | D:4      | Noticed PinkishYellow's ghost (novice GrEE)
  2798 | D:4      | Killed from afar by PinkishYellow's ghost

Vault maps used:
D:1:      dpeg_arrival_another_circle, minmay_misc_feat_ornament
D:2:      serial_forest, infiniplex_forest_lined_ring,
          infiniplex_forest_straight_1, infiniplex_forest_straight_3,
          infiniplex_forest_straight_2, infiniplex_forest_clump_diagonal,
          infiniplex_forest_end_3, infiniplex_forest_straight_2,
          infiniplex_forest_clump_medium, first_bread
D:3:      minmay_overflow_temple_star_quad, roderic_roman_lattice,
          hangedman_glass_garden, uniq_grinder

Action                   |  1- 3 |  4- 6 |  7- 9 || total
-------------------------+-------+-------+-------++-------
Melee: Mace              |    99 |   117 |    35 ||   251
  Use: Potion            |     2 |     3 |       ||     5
       Scroll            |     1 |     6 |       ||     7
  Eat: Chunk             |     1 |       |       ||     1
       Bread ration      |       |     1 |     1 ||     2
